[Event "Late-Titled-Tuesday-Blitz-May-28-2024"]
[Site "Chess.com"]
[Date "2024.05.28"]
[Round "4"]
[White "Agustin_Meza"]
[Black "AsaHoffmann"]
[Result "1-0"]
[WhiteElo "2176"]
[BlackElo "2317"]
[TimeControl "180+1"]
[EndTime "14:39:25 PDT"]
[Termination "Agustin_Meza won by checkmate"]

1. Nf3 d6 2. d4 Bg4 3. c4 Nd7 4. Nc3 Ngf6 5. e4 e5 6. d5 Nc5 7.
Qc2 a5 8. Be2 Be7 9. Be3 Nfd7 10.
h3 Bh5 11. O-O-O a4 12. Kb1 O-O 13. Nd2 Bg6 14. g4 Bg5 15. Nf1 Bf4 16. Bf3 Qf6 17. Qe2 h6 18. Ng3 Rfe8 19. Nf5 Bxf5 20. gxf5 Bxe3 21.
Qxe3 Qg5 22. Qxg5 hxg5 23. Rdg1 f6 24. h4 gxh4 25. Rxh4 Nd3 26. Bh5 Nxf2 27. Bxe8 Rxe8 28. Rg3 Nc5 29. Kc2 c6 30. Rf3 Nfd3 31. Rxd3 Nxd3 32. Kxd3 Kf7 33. b4 axb3 34. axb3 Ra8 35. Rh1 Ra3 36. Rb1 g6 37. fxg6+ Kxg6 38. Kc2 f5 39.
exf5+ Kxf5 40. dxc6 bxc6 41. Rd1 Ke6 42. b4 Ra8 43. Kb3 Rh8 44. b5 cxb5 45. cxb5 Rh3 46. Kb4 Rh4+ 47. Kb3 Rh3 48. Kb4 Rh4+ 49. Ka5 Rc4 50.
Nd5 Rc5 51. Nb4 d5 52. Kb6 Rc4 53. Nxd5 e4 54. Nc7+ Ke5 55. Nd5 Rc2 56. Kb7 Rb2 57.
b6 Rb5 58. Kc6 Rb2 59. b7 Rc2+ 60. Kb6 Rb2+ 61. Kc7 Rc2+ 62. Kd7 Rb2 63. Kc8 Rc2+ 64. Nc7 e3 65. b8=Q e2 66. Qb5+ Ke4 67. Re1 Ke3 68. Qg5+ Kd3 69. Qg3+ Kd2 70. Qf2 Rc3 71. Qxe2# 1-0

[Event "Late-Titled-Tuesday-Blitz-May-28-2024"]
[Site "Chess.com"]
[Date "2024.05.28"]
[Round "4"]
[White "stollenmonster"]
[Black "Polish_fighter3000"]
[Result "0-1"]
[WhiteElo "2855"]
[BlackElo "3124"]
[TimeControl "180+1"]
[EndTime "14:39:27 PDT"]
[Termination "Polish_fighter3000 won by resignation"]

1. e4 c5 2. Nf3 e6 3. Be2 Nc6 4. c4 Nf6 5. Nc3 a6 6. O-O Qc7 7. d4 cxd4 8. Nxd4 Bb4 9. Nxc6 bxc6 10. Bg5 Bxc3 11. bxc3 Nxe4 12. Qd4 Nxg5 13. Qxg7 Nh3+ 14. gxh3 Rf8 15. f4 c5 16. Bf3 Bb7 17. Rab1 Bxf3 18.
Rxf3 O-O-O 19. Qe5 Qxe5 20. fxe5 Rg8+ 21. Kf2 Rdf8 22.
Rg3 Rg6 23. Rbg1 Kc7 24. Ke3 d6 25. Ke4 dxe5 26. Kxe5 Kd7 27. h4 Ke7 28. Rb1 f6+ 29. Kf4 Rd8 30. h5 Rxg3 31. hxg3 h6 32. Rb7+ Rd7 33.
Rb8 Rd3 34. Rb7+ Kd6 35. Rb6+ Kd7 36. Rb7+ Kd6 37. Rf7 f5 38. Rf6 Rxc3 39. Rxh6 Rxc4+ 40. Kf3 Rc3+ 41. Kf4 Rc4+ 42. Kf3 Ke5 43. Rh8 Rc3+ 44. Kg2 Kf6 45. Rg8 Rc2+ 46. Kh3 Rc1 47. Kg2 Rb1 48.
h6 Rb7 49. Rf8+ Rf7 50. Rg8 Rh7 51. Rc8 Rxh6 52. Rxc5 Rg6 53. Ra5 f4 54. Rxa6 Rxg3+ 55.
Kf2 Kf5 56. Ra8 e5 57. a4 Ra3 58. a5 Ra2+ 59. Ke1 Ke4 60. a6 Ke3 61. Kd1 e4 62. Kc1 f3 63. Kb1 Ra5 64. Kb2 f2 0-1

[Event "Late-Titled-Tuesday-Blitz-May-28-2024"]
[Site "Chess.com"]
[Date "2024.05.28"]
[Round "4"]
[White "djano"]
[Black "vi_pranav"]
[Result "1/2-1/2"]
[WhiteElo "2610"]
[BlackElo "3032"]
[TimeControl "180+1"]
[EndTime "14:39:27 PDT"]
[Termination "Game drawn by repetition"]

1. Nf3 Nf6 2. g3 d5 3. Bg2 c6 4. O-O Bg4 5. d4 Nbd7 6. Nbd2 e6 7. Re1 Bd6 8. e4 dxe4 9. Nxe4 Nxe4 10. Rxe4 Nf6 11.
Re1 O-O 12. c3 Re8 13. Qb3 Bxf3 14. Bxf3 Qc7 15. Bg5 Nd7 16. Rad1 a5 17. Kg2 a4 18. Qc2 Ra5 19. Bd2 Raa8 20. a3 c5 21. Be3 cxd4 22.
Bxd4 Bf8 23. Qe4 Rab8 24. Ba7 Ra8 25. Bd4 Nc5 26. Bxc5 Qxc5 27. Rd7 Rad8 28. Red1 Rxd7 29. Rxd7 b5 30. Qb7 Qg5 31. Rxf7 Qd2 32. Qd7 Qxd7 33. Rxd7 Be7 34. Rb7 Kf7 35. Rxb5 Rd8 36. Re5 Rd2 37. Re2 Bg5 38. Rxd2 Bxd2 39. Bd1 Bc1 40. Bxa4 Bxb2 41. Bc2 Bxa3 42. h4 g6 43. Kf3 Bc5 44. Ke2 Kf6 45. f3 h6 46. g4 h5 47. g5+ Kf7 48. c4 e5 49. Be4 Bd4 50. Kf1 Bc5 51. Kg2 Bd4 52. Kg3 Bc5 53. Bd5+ Ke7 54. Bc6 Bb4 55. Kh3 Bc5 56. Be4 Kf7 57. Kg2 Bb4 58. Kf1 Bc5 59. Ke2 Bd4 60. Kf1 Bc5 1/2-1/2

[Event "Late-Titled-Tuesday-Blitz-May-28-2024"]
[Site "Chess.com"]
[Date "2024.05.28"]
[Round "4"]
[White "AldokhinIvan"]
[Black "kinga2008"]
[Result "1-0"]
[WhiteElo "2636"]
[BlackElo "2421"]
[TimeControl "180+1"]
[EndTime "14:39:29 PDT"]
[Termination "AldokhinIvan won by checkmate"]

1. e4 c5 2. Nf3 Nc6 3. d4 cxd4 4. Nxd4 e5 5. Nb5 a6 6. Nd6+ Bxd6 7. Qxd6 Qf6 8. Qd2 Qg6 9. Nc3 Nf6 10. f3 b5 11.
Bd3 Bb7 12. Qg5 Nb4 13. Qxg6 hxg6 14. Bg5 O-O-O 15. O-O-O Rh5 16. h4 Rdh8 17. Be2 Nh7 18. g4 Nxg5 19. gxh5 Ne6 20. hxg6 fxg6 21. a3 Nc6 22.
Nd5 Ncd4 23. Rd2 Bxd5 24. exd5 Nf4 25. Bd1 g5 26. Rdh2 gxh4 27. Rxh4 Rf8 28. Rh8 Rxh8 29. Rxh8+ Kc7 30. c3 Nf5 31. Bc2 Ne3 32. Rg8 Nexd5 33. Rxg7 Ne3 34. Be4 Nc4 35. b3 Nd6 36. Kd2 Ne6 37.
Rg4 Nc5 38. Bc2 Kc6 39. Rg6 Kd5 40. Ke3 a5 41. Rg4 a4 42. b4 Nc4+ 43. Rxc4 Kxc4 44. bxc5 Kxc3 45. Bf5 b4 46. Bxd7 bxa3 47. Be6 Kb2 48. c6 a2 49. Bxa2 Kxa2 50. c7 a3 51. c8=Q Ka1 52. Qc1+ Ka2 53. Qc2+ Ka1 54. Kd3 a2 55. Kc3 e4 56. Qb2# 1-0

[Event "Late-Titled-Tuesday-Blitz-May-28-2024"]
[Site "Chess.com"]
[Date "2024.05.28"]
[Round "4"]
[White "subham777"]
[Black "Timurist"]
[Result "1-0"]
[WhiteElo "2575"]
[BlackElo "2393"]
[TimeControl "180+1"]
[EndTime "14:39:29 PDT"]
[Termination "subham777 won on time"]

1. e4 e6 2. Nf3 d5 3. Nc3 Nf6 4. e5 Nfd7 5. d4 Bb4 6. Bd3 c5 7. dxc5 Nxc5 8. Bb5+ Bd7 9. Bxd7+ Nbxd7 10. O-O Bxc3 11.
bxc3 b5 12. Nd4 a6 13. Qh5 Qc7 14. Re1 Rb8 15. a4 O-O 16. axb5 axb5 17. Ba3 Rfe8 18. Re3 Rb7 19. Rh3 h6 20. Rg3 Ne4 21. Re3 Qxe5 22. Qe2 Qf6 23. Rf3 Qg6 24. Bb4 Ne5 25. Rh3 Nc4 26.
f3 Ng5 27. Rg3 Qf6 28. h4 Nh7 29. Qf2 Nf8 30. h5 Kh8 31. Re1 Nh7 32. f4 Rd8 33. Nc6 Rdd7 34. Rf3 Nd6 35. Ne5 Rd8 36. Bxd6 Rxd6 37. Ra1 Rd8 38. Qc5 Nf8 39. Qc6 Qe7 40.
Rg3 Rd6 41. Qc5 Rd8 42. Qd4 Qf6 43. Ra7 Rxa7 44. Qxa7 Kg8 45. Rf3 Rc8 46. Qb7 Rxc3 47.
Rxc3 Qxf4 48. Nf3 e5 49. Rc8 Qe3+ 50. Kh1 Qc1+ 51. Ng1 Qg5 52. Qb8 Qxh5+ 53. Nh3 Qd1+ 54.
Kh2 Kh7 55. Rxf8 1-0

[Event "Late-Titled-Tuesday-Blitz-May-28-2024"]
[Site "Chess.com"]
[Date "2024.05.28"]
[Round "4"]
[White "rezamahdavi2008"]
[Black "Goryachkina"]
[Result "0-1"]
[WhiteElo "2991"]
[BlackElo "2721"]
[TimeControl "180+1"]
[EndTime "14:39:30 PDT"]
[Termination "Goryachkina won by resignation"]

1. e4 e5 2. Nf3 Nc6 3. Nc3 Nf6 4. d4 exd4 5. Nxd4 Bb4 6. Nxc6 bxc6 7. Bd3 d5 8. exd5 cxd5 9. O-O O-O 10. h3 Rb8 11. Qf3 Bb7 12. Bf4 Bd6 13. b3 d4 14. Ne4 Bxe4 15. Bxe4 Bxf4 16. Qxf4 c5 17. Bf3 Re8 18. Rfe1 Qb6 19. Rad1 h6 20. Qf5 g6 21. Qf4 Kg7 22. Re5 Rxe5 23. Qxe5 Re8 24. Qf4 Qa5 25. a4 Re1+ 26. Kh2 Rxd1 27. Bxd1 Qe1 28. Bg4 h5 29. Bc8 Qe2 30. b4 Qxc2 31. bxc5 d3 32. Bb7 Qxc5 33.
Ba6 Qa3 34. Qg3 Qxa4 35. Qxd3 Qf4+ 36. Kg1 Qc1+ 37. Kh2 Qf4+ 38. Kg1 Qe5 39. Bc4 a5 40.
Qd2 Qc5 41. Qa2 Qc7 42. Bb3 Qc1+ 43. Kh2 Qf4+ 44. Kg1 Ne4 45. Qb2+ Qf6 46. Qe2 a4 47. Ba2 Nc3 48. Qc2 Nxa2 49. Qxa2 Qd4 50. g3 Qd1+ 51.
Kg2 Qb3 52. Qa1+ Kg8 53. g4 hxg4 54. hxg4 a3 55. Qd4 Qb2 56. Qd8+ Kg7 57. Qh4 a2 0-1

[Event "Late-Titled-Tuesday-Blitz-May-28-2024"]
[Site "Chess.com"]
[Date "2024.05.28"]
[Round "4"]
[White "BardArtem"]
[Black "maximnovik"]
[Result "1-0"]
[WhiteElo "2792"]
[BlackElo "2556"]
[TimeControl "180+1"]
[EndTime "14:39:31 PDT"]
[Termination "BardArtem won by resignation"]

1. Nf3 d5 2. b3 Nf6 3. Bb2 g6 4. e3 Bg7 5. c4 c6 6. Nc3 O-O 7. d4 Bg4 8. Be2 Nbd7 9. O-O Bxf3 10. Bxf3 e6 11. Be2 a5 12. a3 Qb6 13. c5 Qc7 14. b4 b5 15. cxb6 Nxb6 16. Qc2 Qe7 17. bxa5 Rxa5 18. Na2 c5 19. Rfc1 c4 20. Bc3 Ra7 21.
Bb4 Qd7 22. Bxf8 Bxf8 23. Nc3 Rxa3 24. Rxa3 Bxa3 25. Rb1 Qc6 26. Qa2 Bd6 27. Qa6 Nfd7 28.
Bd1 Qc7 29. g3 Bf8 30. Ba4 Nxa4 31. Qxa4 Nf6 32. Qa6 Qd6 33. Qxd6 Bxd6 34. f3 Kg7 35. e4 Be7 36. exd5 Nxd5 37. Nxd5 exd5 38. Rb5 Ba3 39. Ra5 Bb4 40. Rxd5 c3 41. Rd8 Bc5 42. Rc8 Bxd4+ 43. Kf1 h5 44. Ke2 Bf6 45. Rc6 Bd4 46. Kd3 Bg1 47. h3 Bh2 48. g4 hxg4 49. hxg4 Be5 50.
Ke4 Bf6 51. f4 Kf8 52. Rxf6 Ke7 53. Rc6 Kd7 54. Rxc3 Kd6 55. g5 Ke6 56. Rc6+ Kd7 57. Ra6 Kc7 58. Rf6 Kd7 59. Rxf7+ Ke6 60. Rf6+ Ke7 61. Rxg6 1-0

[Event "Late-Titled-Tuesday-Blitz-May-28-2024"]
[Site "Chess.com"]
[Date "2024.05.28"]
[Round "4"]
[White "Viktor_Poddubnyi"]
[Black "Lion_DL"]
[Result "1-0"]
[WhiteElo "2324"]
[BlackElo "2503"]
[TimeControl "180+1"]
[EndTime "14:39:31 PDT"]
[Termination "Viktor_Poddubnyi won by checkmate"]

1. e4 c5 2. Nf3 e6 3. c3 Nf6 4. e5 Nd5 5. d4 cxd4 6. cxd4 d6 7. Bc4 Nb6 8. Bb3 dxe5 9. Nxe5 Nc6 10. Nxc6 bxc6 11.
O-O Bd6 12. Nc3 Qc7 13. Qh5 Nd5 14. Ne4 Bf4 15. Bxd5 cxd5 16. Qg4 Bxh2+ 17. Kh1 Kf8 18. Ng5 Bd6 19. Be3 e5 20. Qh5 Bf5 21. Rac1 Qe7 22. dxe5 Bg6 23. exd6 Bxh5 24. dxe7+ Kxe7 25. Bc5+ Kf6 26. Nh3 Bg6 27. Bd4+ Ke7 28. Bxg7 Rhd8 29. Rfe1+ Kd7 30.
Bf6 Re8 31. Nf4 Be4 32. f3 Bf5 33. Nxd5 Rac8 34. Rcd1 Rxe1+ 35. Rxe1 Rc2 36. Ne3 Rc5 37. Nxf5 Rxf5 38. Bc3 Rh5+ 39. Kg1 Rd5 40. Kf2 Rd6 41. Ke2 Re6+ 42. Kd2 Rd6+ 43. Kc2 Rc6 44. Rd1+ Ke6 45. Re1+ Kf5 46. Re4 Rg6 47. g4+ Kg5 48. Ra4 a6 49.
Ra5+ Kh4 50. Rh5+ Kg3 51. Rxh7 Kxf3 52. Rxf7+ Kxg4 53. Rf6 Rg5 54. Rxa6 Rd5 55. Rf6 Kg5 56. Rf2 Kg6 57. a4 Kg5 58. a5 Rd6 59. b4 Kg6 60. b5 Rd5 61. b6 Rb5 62. Rf1 Kg5 63. Rb1 Rxb1 64. Kxb1 Kf5 65. b7 Ke4 66. b8=Q Kd3 67.
Qe8 Kxc3 68. a6 Kb4 69. Qe7+ Kb3 70. Qc7 Kb4 71. Qb7+ Ka4 72. Kc2 Ka3 73. Qb3# 1-0

[Event "Late-Titled-Tuesday-Blitz-May-28-2024"]
[Site "Chess.com"]
[Date "2024.05.28"]
[Round "4"]
[White "ansko1999"]
[Black "h4parah5"]
[Result "1/2-1/2"]
[WhiteElo "2591"]
[BlackElo "2971"]
[TimeControl "180+1"]
[EndTime "14:39:35 PDT"]
[Termination "Game drawn - insufficient material"]

1. c4 Nf6 2. Nf3 g6 3. b3 Bg7 4. Bb2 O-O 5. g3 d6 6. d4 e5 7. dxe5 Ng4 8. Nc3 Nxe5 9. Nxe5 dxe5 10. Qxd8 Rxd8 11. Nd5 Rd7 12. Ba3 Nc6 13. Rd1 a5 14. Bg2 a4 15. Nxc7 Rxc7 16. Bxc6 Bh3 17. Bxa4 e4 18.
Bb4 h5 19. f3 e3 20. Rd3 Rxa4 21. bxa4 Rxc4 22. Ba3 Rc2 23. Rxe3 Rxa2 24. Bc1 Rxa4 25.
Rd3 Ra2 26. Kf2 b5 27. Rd2 Ra1 28. Re1 Ra8 29. Bb2 Bh6 30. e3 Be6 31. Bd4 Bc4 32.
Ra1 Re8 33. h3 Bg5 34. g4 Bh4+ 35. Kg2 Bg5 36. gxh5 gxh5 37. f4 Be7 38. Kf3 f6 39. Rg1+ Kf7 40. e4 Bf8 41. Rdg2 f5 42. Re1 fxe4+ 43.
Ke3 b4 44. Rg5 b3 45. Rf5+ Ke6 46. Rxh5 Rb8 47. Re5+ Kd7 48. Bb2 Bd3 49. Rd5+ Kc6 50.
Rxd3 exd3 51. Kxd3 Bc5 52. Rc1 Kd5 53. Re1 Bd6 54. Rf1 Rc8 55. Bc3 Rh8 56. Rf3 Rb8 57.
Bb2 Rb4 58. f5 Be5 59. Bxe5 Kxe5 60. Rf1 Kf6 61. Kc3 Rh4 62. Kxb3 Rxh3+ 63. Kc4 Rh5 64. Kd5 Rxf5+ 65. Rxf5+ Kxf5 1/2-1/2

[Event "Late-Titled-Tuesday-Blitz-May-28-2024"]
[Site "Chess.com"]
[Date "2024.05.28"]
[Round "4"]
[White "BenchGM"]
[Black "NajdorfPlayerc5"]
[Result "0-1"]
[WhiteElo "2226"]
[BlackElo "2436"]
[TimeControl "180+1"]
[EndTime "14:39:36 PDT"]
[Termination "NajdorfPlayerc5 won by resignation"]

1. e4 c5 2. Nf3 d6 3. d4 cxd4 4.
Nxd4 Nf6 5. Nc3 e5 6. Bb5+ Nbd7 7. Nf5 a6 8. Bxd7+ Qxd7 9. Bg5 Nxe4 10. Nxg7+ Bxg7 11. Nxe4 O-O 12. Bf6 Qf5 13. Qf3 d5 14. Qxf5 Bxf5 15. Bxg7 Kxg7 16. Nc3 d4 17. Ne2 Bxc2 18.
Rc1 Rac8 19. Kd2 Be4 20. f4 f6 21. Ng3 Bd5 22. Nf5+ Kh8 23. Rxc8 Rxc8 24. Ne7 Bxg2 25.
Rg1 Re8 26. Nf5 Bd5 27. fxe5 fxe5 28. b3 Rf8 29. Rg5 Rg8 30. Rh5 Rg2+ 31. Kd3 Bf3 32. Rh6 Rg6 33. Rh4 Rf6 34. Ng3 Bd5 35. Rh5 Rf3+ 36. Ke2 Re3+ 37. Kd2 Bf3 38. Rg5 h6 39.
Rg6 Kh7 40. Re6 Bd5 41. Rd6 Bc6 42. Nf5 Rh3 43. Re6 Rxh2+ 44. Kd3 Rh3+ 45. Kd2 Rh2+ 46. Kd3 Bb5+ 47. Ke4 Re2+ 48. Kf3 e4+ 49. Kf4 Rxa2 50. Re7+ Kg6 51. Rg7+ Kf6 52. Rxb7 Rf2+ 53. Kxe4 Rxf5 54. Rb6+ Kg5 55. Rxh6 Kxh6 56. Kxf5 d3 57. Ke4 d2 58. Kd4 d1=Q+ 59. Kc5 Qxb3 0-1

[Event "Late-Titled-Tuesday-Blitz-May-28-2024"]
[Site "Chess.com"]
[Date "2024.05.28"]
[Round "4"]
[White "MeisterJabo"]
[Black "GAZZAN_3000"]
[Result "1-0"]
[WhiteElo "2487"]
[BlackElo "2663"]
[TimeControl "180+1"]
[EndTime "14:39:38 PDT"]
[Termination "MeisterJabo won by checkmate"]

1. e4 c5 2. Nf3 Nc6 3. c3 Nf6 4. e5 Nd5 5. Bc4 Nb6 6. Bb3 c4 7. Bc2 d6 8. O-O dxe5 9. Re1 Bg4 10. h3 Bh5 11. g4 Bg6 12. Nxe5 Nxe5 13. Rxe5 e6 14.
Bxg6 hxg6 15. Qf3 Bd6 16. Re4 Qc7 17. Na3 Bxa3 18. bxa3 O-O-O 19. Rb1 Rd3 20. Re3 Rhd8 21. a4 Nxa4 22. Rb4 Nb6 23. Kg2 R8d6 24. Rb5 Qc6 25.
Rxd3 cxd3 26. Ba3 Rd5 27. Rb4 Nc4 28. Bc1 b5 29. Qe4 f5 30. Qf3 Kb7 31. a4 a6 32.
axb5 Rxb5 33. Rxc4 Qxf3+ 34. Kxf3 e5 35. gxf5 gxf5 36.
Ke3 e4 37. f3 Rb1 38. fxe4 Rxc1 39. exf5 Rf1 40. Rg4 Rxf5 41. Rxg7+ Kb6 42. Kxd3 Rf3+ 43. Kc4 Rxh3 44. Rg6+ Ka5 45. d4 Rh5 46. d5 Rh3 47.
d6 Kb6 48. Kd5 Rxc3 49. Rg8 Rd3+ 50. Ke6 a5 51. d7 Re3+ 52. Kd6 Rd3+ 53. Ke7 Re3+ 54. Kf6 Rf3+ 55. Ke5 Rd3 56. d8=Q+ Rxd8 57. Rxd8 Kc5 58. Rc8+ Kb4 59. Kd4 a4 60. Rb8+ Ka3 61.
Kc3 Ka2 62. Kc2 a3 63. Ra8 Ka1 64. Rxa3# 1-0

[Event "Late-Titled-Tuesday-Blitz-May-28-2024"]
[Site "Chess.com"]
[Date "2024.05.28"]
[Round "4"]
[White "HowTo2Draw"]
[Black "Boninknights"]
[Result "1-0"]
[WhiteElo "2571"]
[BlackElo "2416"]
[TimeControl "180+1"]
[EndTime "14:39:39 PDT"]
[Termination "HowTo2Draw won on time"]

1. c4 Nf6 2. g3 g6 3. Bg2 Bg7 4. Nf3 O-O 5. O-O c6 6. d4 d6 7. Nc3 Qa5 8. h3 h6 9. Bd2 Qa6 10. b3 Nbd7 11. Qc1 Kh7 12. Qb2 e5 13. dxe5 dxe5 14.
e4 Re8 15. Be3 Bf8 16. a3 Nc5 17. Nd2 Be6 18. Rfd1 Rad8 19. Bf1 b6 20. Qc2 Qb7 21. b4 Ncd7 22. Nb3 c5 23. b5 Bg7 24. a4 a5 25. Nd5 Nf8 26. Bg2 Bc8 27. Rf1 Ne6 28. Rae1 Nd4 29. Qb1 Nxd5 30. exd5 Bf5 31. Qa2 Bd3 32.
Nd2 e4 33. Kh2 Bxf1 34. Rxf1 f5 35. Nb3 Be5 36. Kg1 g5 37. Rd1 Nf3+ 38. Kh1 f4 39.
gxf4 gxf4 40. Bc1 Rg8 41. Qc2 Ng5 42. Bxe4+ Kh8 43. Bf5 Qf7 44. Bb2 Bxb2 45. Qxb2+ Qg7 46. Qxg7+ Rxg7 47. Nc1 Nf3 48. Ne2 Re8 49. Nxf4 Reg8 50. Bg4 Ne5 51. Ne6 Nxg4 52. Nxg7 Nxf2+ 53. Kh2 Nxd1 54. Nf5 Ne3 55. d6 Nxf5 56. d7 Ne7 57. d8=Q Rxd8 58.
h4 Rd4 59. h5 Rxc4 60. Kh3 1-0

[Event "Late-Titled-Tuesday-Blitz-May-28-2024"]
[Site "Chess.com"]
[Date "2024.05.28"]
[Round "4"]
[White "Sawatdeekhrap"]
[Black "zsizsi99"]
[Result "0-1"]
[WhiteElo "2756"]
[BlackElo "2559"]
[TimeControl "180+1"]
[EndTime "14:39:42 PDT"]
[Termination "zsizsi99 won by checkmate"]

1. e4 c5 2. Nf3 Nc6 3. d4 cxd4 4. Nxd4 e5 5. Nb5 d6 6. N1c3 a6 7. Na3 Be6 8. Nc4 b5 9. Ne3 Nf6 10. g3 Be7 11. Bg2 O-O 12. O-O Qb8 13. Ncd5 Bxd5 14.
Nxd5 Nxd5 15. Qxd5 Rc8 16. c3 Na5 17. a4 Rc5 18.
Qd1 Nc4 19. axb5 axb5 20. Rxa8 Qxa8 21. b3 Nb6 22. Be3 Rc6 23. Qd3 Qa5 24. b4 Qa6 25. Bxb6 Rxb6 26. Rc1 Rc6 27. Bf1 Bg5 28. Rc2 Rc4 29. Qd5 Rc8 30. Bxb5 Qa1+ 31. Kg2 Qb1 32. Bc4 Qxc2 33. Qxf7+ Kh8 34. Qf5 Rb8 35. Bd5 Bf6 36. c4 Qc3 37. b5 Qd4 38. h4 Qb6 39. h5 Qd8 40. h6 g6 41. Qf3 Bg5 42. Qc3 Bxh6 43.
c5 dxc5 44. Qxc5 Bg7 45. Bc6 Qb6 46. Qd6 Rf8 47. Qd2 Qd4 48. Qc2 Rd8 49. Bd5 Qb6 50. Bc6 Bf8 51. Qc3 Qd4 52. Qf3 Bg7 53. Qb3 Rf8 54. Qc2 Bf6 55. Bd5 Bd8 56. f3 Bb6 57.
Qe2 Qg1+ 58. Kh3 Qh1+ 59. Kg4 Qh5# 0-1

[Event "Late-Titled-Tuesday-Blitz-May-28-2024"]
[Site "Chess.com"]
[Date "2024.05.28"]
[Round "4"]
[White "wonderfultime"]
[Black "GianmarcoVaR"]
[Result "1-0"]
[WhiteElo "3010"]
[BlackElo "2720"]
[TimeControl "180+1"]
[EndTime "14:39:45 PDT"]
[Termination "wonderfultime won by checkmate"]

1. d4 Nf6 2. Nf3 d5 3. Bf4 c5 4. c3 e6 5. e3 Bd6 6. Nbd2 Qc7 7. Bxd6 Qxd6 8. Ne5 O-O 9. Bd3 b6 10. Qe2 cxd4 11.
exd4 a5 12. O-O Ba6 13. Bxa6 Nxa6 14. Rfe1 Nc7 15. a4 Qe7 16. Ndf3 Nce8 17. Qb5 Qc7 18.
Re2 Nd6 19. Qd3 Rab8 20. h3 b5 21. axb5 Rxb5 22. Ng4 Nfe4 23. Ne3 Rfb8 24. Ra2 R8b7 25. Rc2 Qb8 26. Qe2 f6 27. Ne1 Qc8 28. Nd3 Nc4 29. f3 Ng3 30. Qe1 Nxe3 31. Qxe3 Nf5 32. Qe2 R7b6 33. Rd2 Qc4 34. Ra1 Kf7 35. Re1 Qc7 36.
f4 Qc8 37. Qh5+ Kg8 38. Qg4 Nh6 39. Qf3 Nf5 40. Rde2 Rc6 41. Nc5 Rcxc5 42. dxc5 Qxc5+ 43. Kh2 Rb6 44. Rxe6 Rxe6 45. Rxe6 g6 46. Rxf6 Nd6 47. Qg4 Ne4 48. Qe6+ Kg7 49. Qf7+ Kh6 50. Qf8+ Qxf8 51.
Rxf8 a4 52. Ra8 Nc5 53. Ra5 Nd3 54. Rxa4 Kg7 55. Rd4 Nxb2 56. Rxd5 Nc4 57. Rd4 Ne3 58. c4 Nf5 59. Rd7+ Kf6 60. c5 h5 61. c6 Ke6 62. Rd1 Ne7 63. c7 Nc8 64. Rd8 Nb6 65.
Kg3 Ke7 66. Rb8 Nd5 67. c8=Q Nf6 68. Qd8+ Ke6 69. Rb6+ Kf5 70. Qd3+ Ne4+ 71. Kf3 h4 72. Qd5# 1-0

[Event "Late-Titled-Tuesday-Blitz-May-28-2024"]
[Site "Chess.com"]
[Date "2024.05.28"]
[Round "4"]
[White "Eloist"]
[Black "RobertJFischer71"]
[Result "0-1"]
[WhiteElo "2455"]
[BlackElo "2664"]
[TimeControl "180+1"]
[EndTime "14:39:47 PDT"]
[Termination "RobertJFischer71 won by resignation"]

1. e4 e5 2. Bc4 Nf6 3. d3 Bc5 4. Nf3 d6 5. O-O Nc6 6. c3 a6 7.
Bb3 Ba7 8. Nbd2 h6 9. Re1 O-O 10. Nf1 Ne7 11. Ng3 Ng6 12. h3 Re8 13. d4 b5 14. a4 Bb7 15. axb5 axb5 16. Bc2 exd4 17. cxd4 c5 18. d5 c4 19. Be3 Bxe3 20. Rxe3 Rxa1 21.
Qxa1 Qa8 22. Ra3 Qb8 23. Nd4 b4 24. Ra5 b3 25. Bb1 Bxd5 26. exd5 Re1+ 27. Kh2 Qb6 28. Ra8+ Nf8 29. Ngf5 g6 30. Ra6 Qc5 31. Ra5 Qb6 32.
Rb5 Qd8 33. Ne3 Qe8 34. Nf3 Rc1 35. Ra5 Kg7 36. Ra7 N8d7 37. Rc7 Ne5 38. Nd4 Qb8 39.
Qa7 Qxa7 40. Rxa7 Rxb1 41. Ne6+ Kh7 42. f4 Ned7 43. Nf8+ Nxf8 44. Rxf7+ Kg8 45. Rxf6 Rxb2 46. Rxd6 Rc2 47. Nxc4 Rxc4 48. Rb6 Rc3 49. d6 Rd3 50. Kg1 Nd7 51. Rb7 Nc5 52. Rc7 Ne6 53. Rc8+ Kf7 54.
Rb8 Rxd6 55. Rxb3 Nxf4 56. Rf3 Rf6 57. Kh2 Ne6 58. Ra3 g5 59. Ra7+ Kg6 60. Ra6 Ng7 61.
Ra7 Nh5 62. Ra5 Rf2 63. Ra8 Nf4 0-1

[Event "Late-Titled-Tuesday-Blitz-May-28-2024"]
[Site "Chess.com"]
[Date "2024.05.28"]
[Round "4"]
[White "robertoalejandro10"]
[Black "Connectedcloud"]
[Result "1/2-1/2"]
[WhiteElo "2496"]
[BlackElo "2228"]
[TimeControl "180+1"]
[EndTime "14:39:47 PDT"]
[Termination "Game drawn by repetition"]

1. b3 d5 2. Nf3 Nf6 3. Bb2 Bg4 4. g3 Bxf3 5. exf3 c5 6. Bg2 Nc6 7. f4 h5 8. h4 e6 9. O-O g6 10. d3 Bg7 11. Nd2 O-O 12. Re1 Ng4 13. Bxg7 Kxg7 14. Nf3 Qf6 15. Qd2 Rfe8 16. Rac1 Rad8 17. c3 b6 18. a3 e5 19. fxe5 Ncxe5 20. Nxe5 Nxe5 21.
d4 Nf3+ 22. Bxf3 Qxf3 23. Rxe8 Rxe8 24. Re1 Rxe1+ 25. Qxe1 Kh7 26. Qd2 Qe4 27. dxc5 bxc5 28. b4 cxb4 29. axb4 Qc4 30. Qe3 a6 31. Qe5 Qd3 32. Kg2 Qc4 33. Qf6 Kg8 34. Qe5 Kh7 35.
Kf3 Kg8 36. Ke3 Kh7 37. Qd4 Qb3 38. Kf4 Qa2 39. Ke5 Qb3 40. Kd6 Qa2 41. Qxd5 Qxf2 42. Qe5 Qb6+ 43. Kd5 Qb5+ 44. Kd4 Qb6+ 45. Qc5 Qf6+ 46. Qe5 Qb6+ 47. Kc4 Qc6+ 48. Kb3 Qd7 49. c4 Qd1+ 50. Ka3 Qd3+ 51. Ka4 Qxc4 52. Qd6 Qb5+ 53. Kb3 Qf5 54. Qxa6 Qf3+ 55. Ka4 Qxg3 56. b5 Qf4+ 57. Ka5 Qd2+ 58. Kb6 Qd6+ 59. Ka7 Qc7+ 60. Qb7 Qa5+ 61. Kb8 Qd8+ 62. Ka7 Qa5+ 63. Qa6 Qc7+ 64. Ka8 Qd8+ 65.
Kb7 Qd7+ 66. Kb6 Qd6+ 67. Ka5 Qa3+ 68. Kb6 Qd6+ 1/2-1/2

[Event "Late-Titled-Tuesday-Blitz-May-28-2024"]
[Site "Chess.com"]
[Date "2024.05.28"]
[Round "4"]
[White "BAS8892"]
[Black "rdarruda"]
[Result "1/2-1/2"]
[WhiteElo "2737"]
[BlackElo "2545"]
[TimeControl "180+1"]
[EndTime "14:39:50 PDT"]
[Termination "Game drawn by repetition"]

1. e4 c6 2. Nf3 d5 3. Nc3 Nf6 4. e5 d4 5. exf6 dxc3 6. fxg7 cxd2+ 7. Bxd2 Bxg7 8. c3 O-O 9. Bc4 Nd7 10. O-O Nb6 11.
Bb3 Bg4 12. Be3 e6 13. Qe2 Qc7 14. h3 Bh5 15. a4 Nd5 16. Bd2 Rfd8 17. a5 Nf4 18. Bxf4 Qxf4 19. g4 Bg6 20. Rfd1 a6 21. Rxd8+ Rxd8 22. Rd1 Rxd1+ 23. Qxd1 h6 24. Kg2 h5 25.
gxh5 Bxh5 26. Bc2 Bf6 27. Qd3 Bg6 28. Qe2 Bh5 29. Qd3 Bg6 30. Qd1 Bh5 31. Bd3 Kg7 32. Be2 Bg6 33. Qd2 Qe4 34. Bd1 Bh5 35. Qe2 Qd5 36. Bc2 Qxa5 37. Qe4 Bg6 38. Qe2 Bxc2 39. Qxc2 Qd5 40. Qe2 a5 41. Qe3 a4 42. Qf4 b5 43. h4 a3 44. bxa3 Bxc3 45. Qg4+ Kf8 46. h5 Bg7 47. Qh4 Bh6 48. Qf6 Bg7 49. Qh4 Bh6 50. Qf6 Bg7 51. Qf4 Qxh5 52. Qb8+ Ke7 53. Qc7+ Kf6 54. Qd8+ Kg6 55. Qd3+ f5 56. Qe3 Qg4+ 57.
Kh1 Bf6 58. Nh2 Qe4+ 59. Qxe4 fxe4 60. Kg2 Bb2 61. Ng4 Bxa3 62. Ne5+ Kf5 63. Nxc6 Bc5 64.
Kf1 b4 65. Na5 Bb6 66. Nb3 Kf4 67. Ke2 e5 68. Nd2 Bd4 69. Nb3 e3 70. f3 e4 71.
Nxd4 exf3+ 72. Nxf3 b3 73. Ne1 Ke4 74. Nd3 Kd4 75.
Nb2 Kc3 76. Na4+ Kb4 77. Nb2 Kc3 78. Na4+ Kb4 79. Nb2 Kc3 1/2-1/2

[Event "Late-Titled-Tuesday-Blitz-May-28-2024"]
[Site "Chess.com"]
[Date "2024.05.28"]
[Round "4"]
[White "RandomNoob04"]
[Black "swayamsm"]
[Result "1/2-1/2"]
[WhiteElo "2766"]
[BlackElo "2553"]
[TimeControl "180+1"]
[EndTime "14:39:54 PDT"]
[Termination "Game drawn by agreement"]

1. e4 e5 2. d4 exd4 3. Qxd4 Nc6 4. Qe3 Nf6 5. e5 Nd5 6. Qe4 Nb6 7. Nf3 Be7 8. Nc3 d5 9. exd6 Qxd6 10. Nb5 Qb4+ 11.
Qxb4 Bxb4+ 12. c3 Bd6 13. Nxd6+ cxd6 14. Bf4 d5 15. Bb5 Be6 16. O-O-O O-O-O 17. Rhe1 Rhe8 18. Ne5 Nxe5 19. Bxe5 Rg8 20. Bd4 Bd7 21. Bd3 g6 22. Re7 Be6 23. Re1 Rd7 24. Rxd7 Kxd7 25. a4 Nc4 26. b3 Nb6 27. Bb5+ Kc7 28. Be5+ Kd8 29. Bd4 Nc8 30. Kd2 a6 31. Be2 Kc7 32. Bf3 Nd6 33.
Be5 Kd7 34. Kd3 Rc8 35. g4 Ne4 36. c4 Nc5+ 37. Kc2 dxc4 38. Rd1+ Ke8 39. b4 Nd3 40.
Bxb7 Nxb4+ 41. Kb2 Nd3+ 42. Rxd3 cxd3 43. Bxc8 Bxc8 44. Kc3 Bd7 45. Kxd3 Bxa4 46. g5 Bb5+ 47. Kd4 a5 48. Kc5 Bd7 49. Kd6 a4 50. Bf6 a3 51. f4 a2 52. Kc7 Bf5 53. Kd6 Be6 54. Kc7 Bh3 55. Kd6 Kf8 56. Kc7 Be6 57. Kd6 Kg8 58. h4 h6 59. Kc7 hxg5 60. hxg5 Kf8 61. Kd6 Ke8 62. Kc7 Bb3 63. Kd6 Bc2 64. Kc7 Bf5 65.
Kd6 a1=Q 66. Bxa1 Kd8 67. Bf6+ Ke8 68. Be5 Be6 69. Bd4 Bf5 70. Be3 Be6 71. Ke5 Bf5 72. Kf6 Be6 73. Bc5 Bf5 74. Bd6 Be6 75.
Bc5 1/2-1/2